[Event "HWT 2010"]
[Site "?"]
[Date "2010.01.09"]
[Round "3"]
[White "Fuchs, Jörg"]
[Black "Dr. Heinrich, Manfred"]
[Result "1-0"]
[WhiteElo "1699"]
[BlackElo "1012"]
[Annotator "Helmut,Dr."]
[PlyCount "107"]
[TimeControl "240+2"]

{404MB, Fritz8.ctg, TOSHIBA} 1. e4 c6 2. d4 d5 3. exd5 cxd5 4. c4 Nf6 5. Nc3 e6
6. Bg5 Nbd7 7. cxd5 exd5 8. Bb5 Be7 9. Nge2 O-O 10. O-O h6 11. Bh4 a6 12. Bd3
Ng4 13. Bxe7 Qxe7 14. h3 Ngf6 15. Nf4 Qd6 16. Qf3 Nb6 17. Rfe1 Bd7 18. Re2 Bc6
19. Nh5 Nbd7 20. Rae1 Nxh5 21. Qxh5 Nf6 22. Qe5 Rad8 23. Kf1 Rfe8 24. Qxd6 Rxd6
25. Rxe8+ Bxe8 26. Re5 Bc6 27. Ke2 g6 28. f4 Nh5 29. Kf3 Rf6 30. g3 Rd6 31. a4
a5 32. Nb5 Rd7 33. g4 Ng7 34. f5 f6 35. Re2 g5 36. b3 h5 37. Na7 Rc7 38. Rc2
Ne8 39. gxh5 Kg7 40. Rc5 Kh6 41. Nxc6 bxc6 42. Rxa5 Rc8 43. Rc5 Ng7 44. a5 Nxh5
45. Bb5 Rb8 46. Ba4 Rb4 47. a6 Rb8 48. a7 Ra8 49. Ra5 Rc8 50. a8=Q Rxa8 51.
Rxa8 Nf4 52. Bxc6 Nxh3 53. Rh8+ Kg7 54. Rxh3 1-0

[Event "HWT 2010"]
[Site "?"]
[Date "2010.01.09"]
[Round "3"]
[White "Glase , Johan"]
[Black "Grell, Steffen"]
[Result "0-1"]
[WhiteElo "1003"]
[BlackElo "1549"]
[Annotator "Helmut,Dr."]
[PlyCount "37"]
[TimeControl "240+2"]

{404MB, Fritz8.ctg, TOSHIBA} 1. g3 e5 2. c4 Bc5 3. Bg2 Ne7 4. Nf3 d6 5. O-O
Nbc6 6. d3 O-O 7. Nc3 a6 8. Ne4 Ba7 9. Bd2 f5 10. Nc3 Ng6 11. Nd5 Nce7 12. b4
f4 13. Nc3 Nf5 14. Qb3 fxg3 15. hxg3 Be6 16. Qb2 Nxg3 17. Rab1 Nh4 18. b5 axb5
19. cxb5 0-1

[Event "HWT 2010"]
[Site "?"]
[Date "2010.01.09"]
[Round "3"]
[White "Müller, Johannes"]
[Black "Böttcher, Winfried"]
[Result "1-0"]
[WhiteElo "1807"]
[BlackElo "1298"]
[Annotator "Helmut,Dr."]
[PlyCount "77"]
[TimeControl "240+2"]

{404MB, Fritz8.ctg, TOSHIBA} 1. e4 c5 2. Nc3 e6 3. g3 d6 4. Bg2 Nc6 5. d3 Be7
6. Nge2 Nf6 7. O-O O-O 8. f4 h6 9. h3 a6 10. a4 Bd7 11. g4 Nh7 12. Ng3 Bh4 13.
Nce2 Ne7 14. f5 e5 15. Nh5 f6 16. c3 b5 17. axb5 Bxb5 18. Be3 Bg5 19. Bf2 Be8
20. h4 Rb8 21. hxg5 Nxg5 22. Qc2 a5 23. d4 Qb6 24. dxe5 dxe5 25. Rfb1 Bf7 26.
b4 axb4 27. cxb4 Qc6 28. Qxc5 Qxc5 29. Bxc5 Rfe8 30. Nc3 Nc6 31. Nd5 Nd4 32.
Ra7 Bxh5 33. gxh5 Nc6 34. Rc7 Nd8 35. Ra1 Nb7 36. Ra7 Nxc5 37. Rxg7+ Kh8 38.
Nxf6 Rf8 39. Rh7+ 1-0

[Event "HWT 2010"]
[Site "?"]
[Date "2010.01.09"]
[Round "3"]
[White "Kasper, Mike"]
[Black "Lischeid , Kilian"]
[Result "1-0"]
[WhiteElo "1774"]
[BlackElo "1168"]
[PlyCount "37"]
[TimeControl "240+2"]

{404MB, Fritz8.ctg, TOSHIBA} 1. e4 e5 2. Nf3 Nc6 3. Bc4 Nf6 4. O-O Bc5 5. d4
Nxd4 6. Nxe5 d5 7. exd5 Nxd5 8. c3 Nc6 9. Re1 Be6 10. Bxd5 Qxd5 11. Qxd5 Bxd5
12. Nxc6+ Kd7 13. Ne5+ Kd8 14. c4 Be6 15. Nc3 c6 16. Bf4 Re8 17. Ne4 Bb6 18.
Rad1+ Kc8 19. Nd6+ 1-0

[Event "HWT 2010"]
[Site "?"]
[Date "2010.01.09"]
[Round "3"]
[White "Ostwald, Tobias"]
[Black "Bischoff, Dietmar"]
[Result "1-0"]
[WhiteElo "1606"]
[BlackElo "1116"]
[PlyCount "35"]
[TimeControl "240+2"]

{404MB, Fritz8.ctg} 1. f4 Nc6 2. e4 e6 3. Nf3 d5 4. e5 Bc5 5. d4 Bb6 6. c3 Nge7
7. Bd3 O-O 8. g4 a6 9. O-O f6 10. Qe1 fxe5 11. fxe5 Qe8 12. Qh4 Ng6 13. Qh5
Nce7 14. Ng5 h6 15. Rxf8+ Kxf8 16. Nh7+ Kg8 17. Nf6+ gxf6 18. exf6 1-0

[Event "HWT 2010"]
[Site "?"]
[Date "2010.01.09"]
[Round "3"]
[White "Fege, Julian"]
[Black "Geldner, Gerrit"]
[Result "0-1"]
[WhiteElo "1103"]
[BlackElo "1311"]
[PlyCount "74"]
[TimeControl "240+2"]

{404MB, Fritz8.ctg} 1. e4 d5 2. exd5 Qxd5 3. Nc3 Qa5 4. Nf3 Nf6 5. d4 c6 6. Bd2
Qc7 7. Bc4 Bg4 8. h3 Bh5 9. Qe2 e6 10. O-O-O a5 11. a3 b5 12. Ba2 b4 13. Nb1
Bd6 14. g4 Bg6 15. Ne5 Be4 16. f3 Bd5 17. Bxd5 cxd5 18. Qb5+ Nfd7 19. f4 O-O
20. Rhf1 Rc8 21. Qd3 Ra6 22. c3 bxc3 23. Bxc3 Nb6 24. Rd2 f6 25. Rdf2 fxe5 26.
fxe5 Be7 27. Qf3 Qd8 28. Kc2 Qf8 29. Qf7+ Qxf7 30. Rxf7 Nc4 31. Kd3 Bg5 32.
R1f3 Nc6 33. b3 Nb6 34. Nd2 Raa8 35. Rb7 Ra6 36. Rff7 Bh6 37. g5 Nd8 0-1